 Dungeon Crawl Stone Soup version 0.17-a0-931-g11a8995 (webtiles) character file.

204 namelastname112 the Stinger (level 5, -1/38 HPs)
             Began as a Draconian Venom Mage on May 6, 2015.
             Slain by an ooze (4 damage)
             ... on level 3 of the Dungeon.
             The game lasted 00:07:55 (2898 turns).

namelastname112 the Stinger (Draconian Venom Mage)  Turns: 2898, Time: 00:07:55

Health: -1/38      AC:  5    Str: 11    XL:     5   Next: 52%
Magic:  3/9        EV:  7    Int: 16    God:
Gold:   84         SH:  0    Dex: 11    Spells: 2 memorised, 6 levels left

rFire  . . .     SeeInvis .     c - +0 dagger
rCold  . . .     Clarity  .     (armour unavailable)
rNeg   . . .     SustAb   .     (no shield)
rPois  .         Gourm    .     (helmet restricted)
rElec  .         Spirit   .     (no cloak)
rCorr  .         Warding  .     (no gloves)
rMut   .         Stasis   .     (no boots)
MR     .....                    (no amulet)
Stlth  ++........               (no ring)
                                (no ring)

@: not resistant to hostile enchantments, unstealthy
A: unfitting armour, cold-blooded, AC +5
a: no special abilities


You were on level 3 of the Dungeon.
You were hungry.

You visited 1 branch of the dungeon, and saw 3 of its levels.

You collected 84 gold pieces.

Inventory:

Hand weapons
 c - a +0 dagger (weapon)
Magical devices
 j - a wand of random effects (0)
Scrolls
 h - a scroll of noise {unknown}
 k - a scroll of enchant weapon {unknown}
 l - a scroll of immolation {unknown}
Potions
 e - a potion of degeneration
Books
 a - a Young Poisoner's Handbook

   Spells                             Type                      Level
   a - Sting                          Conjuration/Poison           1
   b - Cure Poison                    Poison                       2
   c - Mephitic Cloud                 Conjuration/Poison/Air       3
   d - Olgreb's Toxic Radiance        Poison                       4
   e - Venom Bolt                     Conjuration/Poison           5
Comestibles
 b - 2 bread rations
 i - a meat ration
 m - a chunk of flesh


   Skills:
 - Level 1.7 Dodging
 - Level 1.7 Stealth
 + Level 3.3 Spellcasting
 + Level 2.6 Conjurations
 + Level 5.3 Poison Magic


You had 6 spell levels left.
You knew the following spells:

 Your Spells              Type           Power        Failure   Level  Hunger
a - Mephitic Cloud        Conj/Pois/Air  ##......     17%         3    ###....
z - Sting                 Conj/Pois      ###.         4%          1    None


Dungeon Overview and Level Annotations

Branches:
Dungeon (3/15)

Altars:
Ashenzari
Dithmenos
Fedhas
Nemelex Xobeh
Sif Muna
Trog
The Shining One

Annotations:
D:3 Charly's ghost, weakling TrEE


Innate Abilities, Weirdness & Mutations

Your plain brown scales are hard (AC +5).
Your body does not fit into most forms of armour.
You are cold-blooded and may be slowed by cold attacks.


Message History

Press: ? - help, Shift-Dir - straight line, f/p - Charly's ghost
Aim: Charly's ghost (severely damaged, fast)
The sting hits Charly's ghost.
Charly's ghost completely resists.
Charly's ghost is severely damaged.
Charly's ghost hits you.
* * * LOW HITPOINT WARNING * * *
The ooze hits you.
* * * LOW HITPOINT WARNING * * *
Drink which item? (? for menu, Esc to quit)
You feel better. Charly's ghost hits you.
* * * LOW HITPOINT WARNING * * *
Charly's ghost hits you.
* * * LOW HITPOINT WARNING * * *
The ooze barely misses you.
Read which item? (? for menu, Esc to quit)
Okay, then.
Charly's ghost hits you.
* * * LOW HITPOINT WARNING * * *
The ooze hits you.
You die...

#.#
.#..........#
#O#
#.#####......#
#.# ..
..#.#.#### g<#
#. #.#.#.# ..#
#. #.#.#.# ..#
#. #.#)#.# ..#
#. #.#.#.# .##
#J###.#.#.# .
#.@W....... .
#####.#)### .
#.#†#### .
#......#
#.#.##.# #.#.#
# ######.#.#
.........#
.........#


You could see Charly's ghost and an ooze.

Vanquished Creatures
  A scorpion (D:3)
  An orc wizard (D:3)
  Jessica (D:2)
  An adder (D:2)
  3 oozes (D:1)
  An orc (D:3)
  3 giant cockroaches
  10 goblins
  5 hobgoblins
  9 jackals
  2 quokkas
  6 bats
  5 giant geckos
  2 giant newts (D:2)
  11 kobolds
  12 rats
73 creatures vanquished.

Notes
Turn   | Place    | Note
--------------------------------------------------------------
     0 | D:1      | namelastname112, the Draconian Venom Mage, began the quest for the Orb.
     0 | D:1      | Reached XP level 1. HP: 14/14 MP: 3/3
   422 | D:1      | Reached XP level 2. HP: 12/20 MP: 0/5
   713 | D:1      | Reached XP level 3. HP: 26/26 MP: 1/6
   889 | D:1      | Reached skill level 1 in Conjurations
  1292 | D:2      | Found a shattered altar of Ashenzari.
  1294 | D:2      | Found a blossoming altar of Fedhas.
  1295 | D:2      | Found a glowing golden altar of the Shining One.
  1819 | D:2      | Reached XP level 4. HP: 33/33 MP: 4/7
  1956 | D:2      | Noticed Jessica
  1962 | D:2      | Killed Jessica
  1962 | D:2      | Reached skill level 5 in Poison Magic
  2097 | D:3      | Noticed an ogre
  2295 | D:3      | Found a deep blue altar of Sif Muna.
  2331 | D:3      | Reached XP level 5. HP: 35/38 MP: 5/9
  2442 | D:3      | Learned a level 3 spell: Mephitic Cloud
  2544 | D:3      | Found a sparkling altar of Nemelex Xobeh.
  2674 | D:3      | Noticed Charly's ghost (weakling TrEE)
  2692 | D:2      | Found a shadowy altar of Dithmenos.
  2692 | D:2      | Found a bloodstained altar of Trog.
  2896 | D:3      | HP: 1/38 [ooze (2)]
  2898 | D:3      | Slain by an ooze

Action                   |  1- 3 |  4- 6 || total
-------------------------+-------+-------++-------
Melee: Unarmed           |    29 |       ||    29
       Dagger            |    54 |    45 ||    99
 Cast: Sting             |    80 |    60 ||   140
Evoke: Wand              |       |     8 ||     8
  Use: Scroll            |       |     3 ||     3
       Potion            |       |     2 ||     2
  Eat: Chunk             |     3 |     4 ||     7
